 Dungeon Crawl Stone Soup version 0.13-a0-1585-g6f4f798 (webtiles) character file.

173 Kae the Chiller (level 4, 0/30 HPs)
             Began as a Merfolk Ice Elementalist on June 12, 2013.
             Slain by a worm (5 damage)
             ... on Level 2 of the Dungeon.
             The game lasted 00:03:28 (1879 turns).

Kae the Chiller (Merfolk Ice Elementalist)          Turns: 1879, Time: 00:03:28

HP   0/30        AC  2     Str  8      XL: 4   Next: 45%
MP   1/8         EV 13     Int 15      God:
Gold 89          SH  0     Dex 14      Spells:  2 memorised,  4 levels left

Res.Fire  : . . .   See Invis. : .   (no weapon)
Res.Cold  : . . .   Warding    : .   a - +0 robe
Life Prot.: . . .   Conserve   : .   (no shield)
Res.Poison: .       Res.Corr.  : .   (no helmet)
Res.Elec. : .       Clarity    : .   (no cloak)
Sust.Abil.: . .     Spirit.Shd : .   (no gloves)
Res.Mut.  : .       Stasis     : .   (no boots)
Res.Rott. : .       Flight     : .   (no amulet)
Saprovore : . . .                    (no ring)
                                     (no ring)

@: very slightly contaminated, slightly resistant to hostile enchantments,
fairly stealthy
A: change form in water, swift swim
a: no special abilities


You were on level 2 of the Dungeon.
You were not hungry.

You visited 1 branch of the dungeon, and saw 2 of its levels.

You collected 69 gold pieces.

Inventory:

Armour
 a - a +0 robe (worn)
Comestibles
 c - a bread ration
 s - 3 chunks of gnoll flesh
Scrolls
 e - a scroll of enchant armour {unknown}
 f - 2 scrolls of enchant weapon II {unknown}
 i - a scroll of remove curse {unknown}
 j - a scroll of enchant weapon I {unknown}
 k - a scroll of fog {unknown}
 l - a scroll of blinking {unknown}
 m - a scroll of magic mapping {unknown}
 o - a scroll of teleportation {unknown}
 r - a scroll of curse jewellery {unknown}
Potions
 d - a potion of mutation {unknown}
 g - a potion of curing {unknown}
 h - 3 potions of speed {unknown}
 n - a potion of poison {unknown}
 q - a potion of brilliance {unknown}
Books
 b - a book of Frost

   Spells                             Type                      Level
   *Freeze                            Ice                          1
   *Throw Frost                       Conjuration/Ice              2
   Ozocubu's Armour                   Charms/Ice                   3
   Throw Icicle                       Conjuration/Ice              4
   Summon Ice Beast                   Ice/Summoning                4
   Condensation Shield                Ice                          4


   Skills:
 - Level 2.6 Dodging
 - Level 2.1 Stealth
 + Level 2.0 Spellcasting
 * Level 2.2 Conjurations
 + Level 4.1 Ice Magic


You had 4 spell levels left.
You knew the following spells:

 Your Spells              Type           Power        Failure   Level  Hunger
a - Freeze                Ice            ##..         4%          1    #......
b - Throw Frost           Conj/Ice       ##....       12%         2    ###....


Dungeon Overview and Level Annotations

Branches:
Dungeon (2/27)

Altars:


Message History

The giant cockroach bites you but does no damage.
The worm closely misses you.
You barely miss the giant cockroach. The giant cockroach barely misses you.
You hit the giant cockroach.
The giant cockroach is severely wounded.
The giant cockroach barely misses you. The worm bites you.
The giant cockroach bites you.
* * * LOW HITPOINT WARNING * * *
You hit the giant cockroach but do no damage.
The giant cockroach is severely wounded.
The giant cockroach closely misses you. The worm bites you.
* * * LOW HITPOINT WARNING * * *
You closely miss the giant cockroach.
The giant cockroach is severely wounded.
The giant cockroach bites you.
* * * LOW HITPOINT WARNING * * *
You closely miss the giant cockroach.
The giant cockroach is severely wounded.
The giant cockroach closely misses you. The worm bites you.
You die...

#<........# ###### ####.........#
### .....# #..+.........# #####>.
.....# #.##.......^.#######.....#
.....###.##.........'.......#####
....)#...##.........#########
.......##########'### .>...###
##w.# ###.## #.@## #.# #s## #.#
#.# #.# ##.# ###.##########..#
########## ...............##
#........#
###.#########..#######........###
#<# #...(....'....%...##. #)#
##.#######........#..


You could see a worm and a giant cockroach.

Vanquished Creatures
  3 adders (D:2)
  2 gnolls (D:2)
  A giant mite (D:2)
  2 giant geckos (D:1)
  A ball python (D:2)
  4 bats
  2 goblins (D:1)
  3 hobgoblins
  A quokka (D:2)
  7 giant cockroaches
  A giant newt (D:1)
  A kobold (D:1)
  4 rats
32 creatures vanquished.

Vanquished Creatures (others)
  A giant newt (D:1)
1 creature vanquished.

Grand Total: 33 creatures vanquished

Notes
Turn   | Place    | Note
--------------------------------------------------------------
     0 | D:1      | Kae, the Merfolk Ice Elementalist, began the quest for the Orb.
     0 | D:1      | Reached XP level 1. HP: 13/13 MP: 3/3
   268 | D:1      | Reached XP level 2. HP: 13/19 MP: 0/4
   306 | D:1      | Learned a level 2 spell: Throw Frost
   337 | D:1      | Reached skill level 1 in Conjurations
   776 | D:2      | Reached XP level 3. HP: 6/24 MP: 1/6
   819 | D:2      | HP: 1/24 [poisoned by an adder]
  1438 | D:2      | Reached skill level 4 in Ice Magic
  1625 | D:2      | Reached XP level 4. HP: 30/30 MP: 3/7
  1879 | D:2      | Slain by a worm

Action                   |  1- 3 |  4- 6 || total
-------------------------+-------+-------++-------
Melee: Unarmed           |    35 |     6 ||    41
 Cast: Freeze            |    57 |    16 ||    73
 Stab: Sleeping          |     1 |       ||     1
